 Dungeon Crawl Stone Soup version 0.25.1-2-g60ff931df9 (webtiles) character file.

Game seed: 6467843312101908481

95 lepoulpe303 the Chopper (level 4, -1/40 HPs)
             Began as a Hill Orc Monk on Aug 19, 2020.
             Succumbed to a worker ant's poison
             ... on level 2 of the Dungeon.
             The game lasted 00:07:29 (2291 turns).

lepoulpe303 the Chopper (Hill Orc Monk)             Turns: 2291, Time: 00:07:30

Health: -1/40      AC:  4    Str: 12 (14) XL:     4   Next: 65%
Magic:  3/3        EV: 14    Int:  7 (10) God:
Gold:   113        SH:  0    Dex: 12 (15) Spells: 3/3 levels left

rFire    + . .     SeeInvis .   a - +0 hand axe
rCold    + . .     Gourm    .   (no shield)
rNeg     . . .     Faith    .   d - +0 leather armour
rPois    +         Spirit   .   r - +0 helmet
rElec    +         Reflect  .   (no cloak)
rCorr    +         Harm     .   (no gloves)
MR       .....                  (no boots)
Stlth    ++........             (no amulet)
HPRegen  0.00/turn              (no ring)
MPRegen  0.08/turn              (no ring)

@: lethally poisoned (-1 -> -38), resistant
A: repulsion field 1, agile 1, low mp 1, inhibited regeneration
a: no special abilities


You were on level 2 of the Dungeon.
You were hungry.

You visited 1 branch of the dungeon, and saw 2 of its levels.

You collected 113 gold pieces.

Inventory:

Hand Weapons
 a - a +0 hand axe (weapon)
 b - a +0 hunting sling
Missiles
 c - 4 boomerangs
 f - 2 javelins
 Q - 136 stones (quivered)
Armour
 d - a +0 leather armour (worn)
 r - a +0 helmet (worn)
 s - a +0 robe
Scrolls
 g - 2 scrolls of teleportation {unknown}
 h - 3 scrolls of identify {unknown}
 i - a scroll of fear {unknown}
 j - 2 scrolls of amnesia {unknown}
 m - a scroll of magic mapping {unknown}
 n - a scroll of remove curse {unknown}
Potions
 o - a potion of degeneration {!q}
Comestibles
 e - 3 rations
 p - 5 chunks of flesh


   Skills:
 + Level 4.1 Fighting
 * Level 5.0 Axes
 + Level 0.0 Slings
 + Level 1.4 Armour
 + Level 2.7 Dodging
 * Level 2.5 Stealth


You had 3 spell levels left.
You didn't know any spells.
Your spell library was empty.

Dungeon Overview and Level Annotations

Branches:
Dungeon (2/15)

Altars:
Yredelemnul


Innate Abilities, Weirdness & Mutations

You are surrounded by a mild repulsion field. (EV +2)
You are agile. (Dex +2)
Your magical capacity is low. (-10% MP)
You do not regenerate when monsters are visible.


Message History

The worker ant closely misses you.
You take 4 damage, and have 12/40 hp.
You barely miss the worker ant.
* * * LOW HITPOINT WARNING * * *
You feel very sick. The worker ant bites you.
* * * LOW HITPOINT WARNING * * *
You take 7 damage, and have 5/40 hp.
You hit the worker ant but do no damage.
* * * LOW HITPOINT WARNING * * *
You feel very sick. The worker ant bites you.
* * * LOW HITPOINT WARNING * * *
The worker ant bites you but does no damage.
You take 4 damage, and have 1/40 hp.
Unknown command.
It was a potion of mutation.
You feel extremely strange.
You begin to radiate repulsive energy.
Your regeneration stops near monsters.
You feel less energetic.
You feel agile.
You die...

##### ##### ##...#### #...#
#.......# ## #...# #.......# #.
###...# #.......# #.
##.....##############.......####.
.#.##.###.......@aw>............÷
...##.....##########........##...
...######## #.#.....##...# ...#
#...## ##.#...........
...####.#..# ##..#<....#..##.
........##.# ##...).##....##..
.......###.# ###..........#.....
.......###.####..............#..#
.÷......##...##.................#


You could see a worm and a worker ant.

Levels and vault maps discovered:
D:1:      lightli_arrival_noodles, layout_loops_corners, minmay_distorted
D:2:      layout_rooms, yredelemnul_altar_generic, first_ration,
          minmay_pentomino_v2, uniq_sigmund, uniq_robin

Notes
Turn   | Place    | Note
-------+----------+-------------------------------------------
     0 | D:1      | lepoulpe303 the Hill Orc Monk began the quest for the Orb.
     0 | D:1      | Reached XP level 1. HP: 19/19 MP: 1/1
    67 | D:1      | Reached XP level 2. HP: 26/27 MP: 2/2
   107 | D:1      | Identified a +0 club
   148 | D:1      | Reached skill level 2 in Stealth
   203 | D:1      | Identified a +0 club
   203 | D:1      | Identified a +0 whip
   204 | D:1      | Identified a cursed -3 club
   319 | D:1      | Reached XP level 3. HP: 33/33 MP: 3/3
   449 | D:1      | Identified a +0 club
   453 | D:1      | Reached skill level 1 in Armour
   642 | D:1      | Identified a cursed -3 club
   869 | D:1      | Identified a +0 club
   977 | D:2      | Identified a +0 club
   978 | D:2      | Identified a +0 dagger
   978 | D:2      | Identified a +0 hunting sling
   979 | D:2      | Identified a +0 short sword
   979 | D:2      | Identified a +0 animal skin
   979 | D:2      | Identified a +0 helmet
   979 | D:2      | Noticed Robin
   980 | D:2      | Identified a +0 dagger
   982 | D:2      | Identified a +0 dagger
   985 | D:2      | Identified a +0 hunting sling
   989 | D:2      | Identified a +0 short sword
   989 | D:2      | Identified a +0 ring mail
   992 | D:1      | HP: 7/33 [goblin (5)]
  1288 | D:2      | Identified a +0 club
  1304 | D:2      | Identified a +0 short sword
  1312 | D:2      | Identified a +0 leather armour (You found it on level 2 of
                  | the Dungeon)
  1326 | D:2      | Reached skill level 4 in Fighting
  1372 | D:2      | Reached XP level 4. HP: 12/40 MP: 4/4
  1705 | D:2      | Found a basalt altar of Yredelemnul.
  1772 | D:2      | Identified a +0 dagger
  1892 | D:2      | Reached skill level 5 in Axes
  1896 | D:2      | Identified a +0 chain mail
  1904 | D:2      | Identified a +0 hand axe
  1915 | D:1      | HP: 9/40 [Robin/+0 short sword (4)]
  1917 | D:1      | Killed Robin
  2274 | D:2      | HP: 8/40 [worker ant (4)]
  2275 | D:2      | Identified 2 potions of heal wounds
  2284 | D:2      | HP: 10/40 [poisoned by a worker ant]
  2285 | D:2      | Identified 2 potions of degeneration
  2285 | D:2      | HP: 3/40 [worker ant (4)]
  2286 | D:2      | Identified a potion of resistance
  2286 | D:2      | HP: 1/40 [poisoned by a worker ant]
  2291 | D:2      | Identified a potion of mutation
  2291 | D:2      | Gained mutation: You are surrounded by a mild repulsion
                  | field. (EV +2) [potion of mutation]
  2291 | D:2      | Gained mutation: You do not regenerate when monsters are
                  | visible. [potion of mutation]
  2291 | D:2      | Gained mutation: Your magical capacity is low. (-10% MP)
                  | [potion of mutation]
  2291 | D:2      | Gained mutation: You are agile. (Dex +2) [potion of
                  | mutation]
  2291 | D:2      | Succumbed to a worker ant's poison

Table legend:
 A = Turns spent in this place as a percentage of turns spent in the entire game.
 B = Non-inter-level travel turns spent in this place as a percentage of non-inter-level travel turns spent in the entire game.
 C = Inter-level travel turns spent in this place as a percentage of turns spent in this place.
 D = Turns resting spent in this place as a percentage of non-inter-level travel turns spent in this place.
 E = Turns spent auto-exploring this place as a percentage of non-inter-level travel turns spent in this place.
 F = Non-inter-level travel turns spent in this place divided by the number of levels of this place that you've seen.
                   A       B       C       D       E      F
               +-------+-------+-------+-------+-------+----------------------
         Total | 100.0 | 100.0 |   3.0 |  31.8 |  45.6 | 1111.0
       Dungeon | 100.0 | 100.0 |   3.0 |  31.8 |  45.6 | 1111.0
               +-------+-------+-------+-------+-------+----------------------

Table legend:
 A = Kills in this place as a percentage of kills in entire the game.
 B = Kills by you in this place as a percentage of kills by you in the entire game.
 C = Kills by friends in this place as a percentage of kills by friends in the entire game.
 D = Other kills in this place as a percentage of other kills in the entire game.
 E = Experience gained in this place as a percentage of experience gained in the entire game.
 F = Experience gained in this place divided by the number of levels of this place that you have seen.
                   A       B       C       D       E      F
               +-------+-------+-------+-------+-------+----------------------
         Total | 100.0 | 100.0 |   N/A |   N/A | 100.0 |  68.0
       Dungeon | 100.0 | 100.0 |   N/A |   N/A | 100.0 |  68.0
               +-------+-------+-------+-------+-------+----------------------

Skill      XL: |  1  2  3  4 |
---------------+-------------+-----
Stealth        | 2 |  2.5
Armour         | 1 |  1.4
Fighting       | 4 |  4.1
Axes           | 5 |  5.0
Dodging        | |  2.7

Action                   |  1- 3 |  4- 6 || total
-------------------------+-------+-------++-------
Melee: Hand axe          |   115 |    66 ||   181
Throw: Boomerang         |    17 |       ||    17
       Stone             |    59 |    33 ||    92
  Use: Potion            |       |     5 ||     5
  Eat: Chunk             |     1 |     3 ||     4
Armor: Robe              |    22 |       ||    22
       Leather armour    |     2 |    23 ||    25
Dodge: Dodged            |    81 |    43 ||   124

Vanquished Creatures
  Robin (D:1)
  An adder (D:2)
  2 oozes
  A worm (D:2)
  A dart slug (D:1)
  A leopard gecko (D:1)
  7 bats
  14 goblins
  9 hobgoblins
  7 kobolds
  3 ball pythons
  5 frilled lizards (D:1)
  A jackal skeleton (D:2)
  8 rats
61 creatures vanquished.
